 Dungeon Crawl Stone Soup version 0.28.0-53-g5a82cb258f (webtiles) character file.

Game seed: 6836261178340680760

135 wingedge the Ogre Mage (level 5, 0/48 HPs)
             Began as an Ogre Hedge Wizard on June 7, 2022.
             Was a Follower of Kikubaaqudgha.
             Splashed by a jelly's acid (9 damage)
             ... on level 4 of the Dungeon on June 8, 2022.
             The game lasted 00:17:34 (4464 turns).

wingedge the Ogre Mage (Ogre Hedge Wizard)          Turns: 4464, Time: 00:17:35

Health: 0/48       AC:  3    Str: 14    XL:     5   Next: 18%
Magic:  6/11       EV:  9    Int: 17    God:    Kikubaaqudgha [*.....]
Gold:   117        SH:  0    Dex:  8    Spells: 7/12 levels left

rFire   . . .      SeeInvis .   a - +0 dagger
rCold   . . .      Faith    .   (no shield)
rNeg    . . .      Spirit   .   b - +0 robe
rPois   .          Reflect  .   c - +0 hat
rElec   .          Harm     .   (no cloak)
rCorr   .          Rampage  .   (gloves unavailable)
Will    .....                   (boots unavailable)
Stlth   +.........              (no amulet)
HPRegen 0.16/turn               (no ring)
MPRegen 0.12/turn               (no ring)

@: no status effects
A: large, unfitting armour, tough skin 1
a: Renounce Religion, Receive Corpses


You were on level 4 of the Dungeon.
You worshipped Kikubaaqudgha.
Kikubaaqudgha was aware of your devotion.
You visited 1 branch of the dungeon, and saw 4 of its levels.

You collected 117 gold pieces.

Inventory:

Hand Weapons
 a - a +0 dagger (weapon)
Missiles
 k - 5 curare-tipped darts
 r - 41 bolts
Armour
 b - a +0 robe (worn)
 c - a +0 hat (worn)
 m - an orb of energy
Scrolls
 f - 2 scrolls of teleportation
 n - a scroll of immolation {unknown}
 p - a scroll of fear {unknown}
Potions
 d - a potion of mutation {unknown}
 e - a potion of attraction {unknown}
 g - a potion of berserk rage {unknown}
 h - a potion of haste {unknown}
 i - a potion of heal wounds {unknown}
 j - a potion of curing {unknown}
 l - a potion of brilliance {unknown}
 o - 2 potions of degeneration {unknown}
 q - a potion of might {unknown}


   Skills:
 - Level 1.3 Fighting
 - Level 0.3 Armour
 - Level 2.2 Dodging
 - Level 1.4 Stealth
 - Level 4.0 Spellcasting
 - Level 1.0 Conjurations
 + Level 3.5 Summonings
 * Level 0.3 Necromancy
 - Level 1.0 Translocations


You had 7 spell levels left.
You knew the following spells:

 Your Spells              Type           Power      Damage    Failure   Level
a - Magic Dart            Conj           24%        1d4       11%         1
b - Call Imp              Summ           15%        N/A       5%          2
c - Animate Skeleton      Necr           8%         N/A       14%         1
d - Pain                  Necr           16%        1d4       14%         1

Your spell library contained the following spells:

 Spells                   Type           Power      Damage    Failure   Level
 Slow                     Hex            12%        N/A       16%         1
 Blink                    Tloc           12%        N/A       16%         2
 Corpse Rot               Necr/Air       6%         N/A       22%         2
 Conjure Flame            Conj/Fire      5%         6-21      36%         3
 Mephitic Cloud           Conj/Pois/Air  4%         N/A       38%         3
 Vampiric Draining        Necr           4%         2d6       38%         3


Dungeon Overview and Level Annotations

Branches:
Dungeon (4/15)
 Temple: D:4-7

Altars:
Cheibriados
Elyvilon
Kikubaaqudgha
Yredelemnul


Innate Abilities, Weirdness & Mutations

You are too large for most types of armour.
You have tough skin. (AC +1)


Message History

As you read the scroll of teleportation, it crumbles to dust.
You feel strangely unstable.
Your crimson imp barely misses the gnoll.
The gnoll hits your crimson imp with a +0 flail.
The gnoll misses your crimson imp.
Your crimson imp barely misses the gnoll.
The gnoll barely misses your crimson imp.
Found a sapphire potion.
Your crimson imp misses the gnoll.
The gnoll barely misses your crimson imp.
The gnoll hits your crimson imp with a +0 flail.
Your crimson imp barely misses the gnoll.
The gnoll closely misses your crimson imp.
Found 7 gold pieces.
Your surroundings suddenly seem different.
A jelly and a scorpion come into view.
Found an escape hatch in the ceiling.
Found a stone staircase leading down.
As you read the scroll of teleportation, it crumbles to dust.
You feel strangely unstable. The scorpion stings you.
The jelly barely misses you.
You hit the jelly but do no damage.
Your hands burn!
* * * LOW HITPOINT WARNING * * *
The scorpion stings you but does no damage.
The jelly hits you but does no damage. The scorpion completely misses you.
Your surroundings suddenly seem different.
A dart slug comes into view.
Found a sapphire potion.
Found an escape hatch in the floor.
The dart slug launches a dart at you. The slug dart hits you.
* * * LOW HITPOINT WARNING * * *
There is an escape hatch in the floor here.
The dart slug launches a dart at you. The slug dart hits you.
* * * LOW HITPOINT WARNING * * *
The jelly barely misses you.
There is an escape hatch in the ceiling here.
The jelly hits you.
* * * LOW HITPOINT WARNING * * *
You are splashed with acid!
You die...
Kikubaaqudgha rasps: "You have failed me!
Welcome... death!"

#.............#
..Y.
#.........w...+
...Y
#.............#
..Y.
#.........>...#
..Y.
#....##.##.####
####
#....##.##.###
#.....s.>......
#...J..........
.
#...@..........
..
#....##....##..
###
#....##....#
...
#.....+......
...
#.....#.......
#.....#.......
#....## ..##
######


You could see a scorpion, a jelly and a dart slug.

Vanquished Creatures
  Robin (D:2)
  3 adders
  3 dart slugs
  3 endoplasms
  4 giant cockroaches
  5 goblins
  4 hobgoblins
  4 jackals
  3 kobolds
  2 quokkas (D:1)
  4 ball pythons
  4 bats
  A frilled lizard (D:1)
  4 rats (D:2)
45 creatures vanquished.

Vanquished Creatures (collateral kills)
  An adder (D:3)
  A worm (D:3)
  3 ball pythons
  A bat (D:1)
  A giant cockroach (D:1)
  6 goblins
  2 hobgoblins
  3 jackals (D:3)
  3 kobolds
  A quokka (D:3)
  2 frilled lizards (D:1)
  A spectral orc (D:3)
25 creatures vanquished.

Grand Total: 70 creatures vanquished

Notes
Turn   | Place    | Note
-------+----------+-------------------------------------------
     0 | D:1      | wingedge the Ogre Hedge Wizard began the quest for the Orb.
     0 | D:1      | Reached XP level 1. HP: 16/16 MP: 5/5
    52 | D:1      | Reached skill level 1 in Conjurations
    52 | D:1      | Reached skill level 1 in Summonings
    52 | D:1      | Reached skill level 1 in Translocations
   276 | D:1      | Reached XP level 2. HP: 24/24 MP: 2/6
   427 | D:1      | Reached skill level 4 in Spellcasting
   493 | D:1      | Learned a level 2 spell: Call Imp
  1041 | D:1      | Reached XP level 3. HP: 22/31 MP: 0/8
  1572 | D:2      | Found an ancient bone altar of Kikubaaqudgha.
  1601 | D:2      | Became a worshipper of Kikubaaqudgha
  1672 | D:2      | Noticed Robin
  1675 | D:2      | Reached XP level 4. HP: 23/39 MP: 1/10
  1684 | D:2      | Killed Robin
  2295 | D:2      | Found a faded altar of an unknown god.
  2755 | D:3      | Found a snail-covered altar of Cheibriados.
  3004 | D:3      | Found a basalt altar of Yredelemnul.
  3133 | D:3      | Found a white marble altar of Elyvilon.
  3307 | D:3      | Reached skill level 1 in Fighting
  3404 | D:3      | Reached * piety under Kikubaaqudgha
  3404 | D:3      | Received a gift from Kikubaaqudgha
  3414 | D:3      | Reached XP level 5. HP: 45/48 MP: 1/11
  3652 | D:2      | Learned a level 1 spell: Animate Skeleton
  3654 | D:2      | Learned a level 1 spell: Pain
  4379 | D:4      | Noticed a yak
  4379 | D:4      | Noticed a yak
  4379 | D:4      | Noticed a yak
  4379 | D:4      | Noticed a yak
  4379 | D:4      | Noticed a yak
  4379 | D:4      | Noticed a yak
  4464 | D:4      | Splashed by a jelly's acid

Illustrated notes

Levels and vault maps discovered:
D:1:      minmay_arrival_doors, layout_basic, minmay_octomino_c4
D:2:      layout_rooms, basic_altar, hellmonk_ecumenical_altar_inner_sanctum,
          uniq_robin
D:3:      layout_loops_cross, cheibriados_altar_1, mainiacjoe_overflow_24_doors,
          yredelemnul_forgotten_temple_becter
D:4:      layout_gridville, minmay_temple_entry_from_below_a

Skill      XL: |  1  2  3  4 |
---------------+-------------+-----
Conjurations   | 1 |  1.0
Summonings     | 1 2 3 |  3.5
Translocations | 1 |  1.0
Dodging        | 2 |  2.2
Spellcasting   | 4 |  4.0
Fighting       | 1 |  1.3
Armour         | |  0.3
Stealth        | |  1.4
Necromancy     | |  0.3

Action                   |  1- 3 |  4- 6 || total
-------------------------+-------+-------++-------
Melee: Dagger            |    44 |    34 ||    78
 Cast: Magic Dart        |    62 |    65 ||   127
       Call Imp          |    12 |    18 ||    30
       Animate Skeleton  |       |     1 ||     1
  Use: Scroll            |     1 |     2 ||     3
 Stab: Sleeping          |       |     1 ||     1
Armor: Robe              |    35 |    45 ||    80
Dodge: Dodged            |    49 |    57 ||   106
